 Dungeon Crawl Stone Soup version 0.23.2-33-g5129a83184 (webtiles) character file.

Game seed: 5841812996066180818

471 Destapler the Sneak (level 7, 0/62 HPs)
             Began as a Naga Enchanter on Aug 2, 2019.
             Was an Initiate of Sif Muna.
             Shot with an arrow by a centaur (10 damage)
             ... on level 5 of the Dungeon.
             The game lasted 00:58:28 (5700 turns).

Destapler the Sneak (Naga Enchanter)                Turns: 5700, Time: 00:58:29

Health: 0/62       AC:  5    Str: 10 (11) XL:     7   Next: 9%
Magic:  8/12       EV: 10    Int: 16 (17) God:    Sif Muna [......]
Gold:   252        SH:  0    Dex:  8 (11) Spells: 6/12 levels left

rFire    . . .     SeeInvis +   a - +2 dagger (venom)
rCold    . . .     Gourm    .   (no shield)
rNeg     . . .     Faith    .   v - +1 animal skin
rPois    +         Spirit   .   w - +0 helmet
rElec    .         Reflect  .   (no cloak)
rCorr    .         Harm     .   (no gloves)
MR       .....                  (no barding)
Stlth    +++.......             (no amulet)
HPRegen  0.20/turn              (no ring)
MPRegen  0.13/turn              (no ring)

@: flying, very slow
A: large, see invisible, deformed body, poison resistance, slowness 2, slow
metabolism 1, spit poison 1, AC +2
a: Spit Poison, Renounce Religion


You were on level 5 of the Dungeon.
You worshipped Sif Muna.
Sif Muna was noncommittal.
You were hungry.

You visited 2 branches of the dungeon, and saw 6 of its levels.

You collected 252 gold pieces.

Inventory:

Hand Weapons
 a - a +2 dagger of venom (weapon)
Missiles
 c - 209 stones (quivered)
Armour
 b - a +0 robe
 u - a +2 large shield
 v - a +1 animal skin (worn)
 w - a +0 helmet (worn)
Jewellery
 y - a cursed amulet of inaccuracy {unknown}
Wands
 i - a wand of random effects (13)
 o - a wand of enslavement (14)
 s - a wand of acid (8)
 x - a wand of paralysis (6)
Scrolls
 e - 5 scrolls of teleportation
 h - 5 scrolls of enchant armour {unknown}
 j - 2 scrolls of remove curse {unknown}
 k - a scroll of random uselessness {unknown}
 l - 2 scrolls of magic mapping {unknown}
 p - 2 scrolls of identify {unknown}
 t - 3 scrolls of blinking {unknown}
Potions
 f - a potion of ambrosia
 m - a potion of curing
 q - a potion of agility
Comestibles
 d - 9 rations


   Skills:
 - Level 3.0 Fighting
 - Level 2.0 Short Blades
 - Level 2.0 Armour
 - Level 2.0 Dodging
 + Level 6.0 Stealth
 + Level 0.7 Shields
 + Level 3.3 Spellcasting
 - Level 3.0 Hexes
 + Level 1.7 Ice Magic
 + Level 1.7 Evocations


You had 6 spell levels left.
You knew the following spells:

 Your Spells              Type           Power        Failure   Level  Hunger
a - Corona                Hex            ##.....      5%          1    None
b - Ensorcelled Hibernat  Hex/Ice        ##....       11%         2    ##.....
c - Tukima's Dance        Hex            ##......     16%         3    ###....

Your spell library contained the following spells:

 Spells                   Type           Power        Failure   Level  Hunger
 Confuse                  Hex            ##......     16%         3    ###....
 Dazzling Spray           Conj/Hex       #.....       28%         3    ###....


Dungeon Overview and Level Annotations

Branches:
Dungeon (5/15)             Temple (1/1) D:5

Altars:
Ashenzari
Cheibriados
Dithmenos
Elyvilon
Fedhas
Gozag
Hepliaklqana
Kikubaaqudgha
Makhleb
Nemelex Xobeh
Okawaru
Ru
Sif Muna
Trog
Uskayaw
Vehumet
Wu Jian
Xom
Yredelemnul
Zin
The Shining One

Annotations:
D:4 2 transporters, mishael's ghost, amateur GrHu


Innate Abilities, Weirdness & Mutations

You cannot wear boots.
Your serpentine skin is tough. (AC +2)
You have supernaturally acute eyesight. (SInv)
Armour fits poorly on your strangely shaped body.
Your system is resistant to poisons. (rPois)
You cover ground very slowly.
You have a slow metabolism.
You can spit poison.


Message History

Aiming: Corona (safe; 5% risk of failure)
Press: ? - help, Shift-Dir - straight line, f/p - centaur
Aim: a centaur (chance to defeat MR: 49%)
The centaur is outlined in light.
The centaur hits you.
* * * LOW HITPOINT WARNING * * *
Your +9 hand axe "Conservator" {flame, rC+ rN+ SInv} hits the centaur!
Your +9 hand axe "Conservator" {flame, rC+ rN+ SInv} burns the centaur.
You hit the centaur.
The centaur is poisoned.
The centaur is severely wounded.
The centaur closely misses you. The centaur hits you!
* * * LOW HITPOINT WARNING * * *
A centaur comes into view.
Press: ? - help, v - describe, . - travel
Here: a centaur The floor.
You hit the centaur but do no damage.
The centaur looks even sicker.
The centaur is severely wounded.
The centaur wields a +0 shortbow.
The centaur shoots an arrow.
The arrow hits you!
You die...

# ### # c.# # #.# #
#.# # # #.# ..
############
#(####.##
...........#
#@#.....#
##########.#####(c..#
#.......(.##
###########


You could see 2 centaurs and a friendly +9 hand axe "Conservator" {flame, rC+
rN+ SInv}.

Vanquished Creatures
  An ice beast (D:5)
  A howler monkey (D:4)
  A hound (D:4)
  A centaur skeleton (D:2)
  Ijyb (D:4)
  An iguana (D:4)
  2 worker ants
  A hound skeleton (D:4)
  Robin (D:4)
  5 adders
  4 worms
  3 dart slugs
  A leopard gecko (D:4)
  6 orcs
  3 giant cockroaches (D:2)
  17 goblins
  13 hobgoblins
  3 jackals (D:4)
  5 quokkas
  A ball python (D:3)
  6 bats
  3 frilled lizards
  6 kobolds
  5 rats
91 creatures vanquished.

Vanquished Creatures (others)
  A dancing weapon (D:4)
1 creature vanquished.

Grand Total: 92 creatures vanquished

Notes
Turn   | Place    | Note
-------+----------+-------------------------------------------
     0 | D:1      | Destapler the Naga Enchanter began the quest for the Orb.
     0 | D:1      | Reached XP level 1. HP: 15/15 MP: 3/3
   728 | D:1      | Reached XP level 2. HP: 24/24 MP: 3/5
   856 | D:2      | Reached skill level 1 in Fighting
   856 | D:2      | Reached XP level 3. HP: 7/31 MP: 6/6
  1319 | D:2      | Learned a level 2 spell: Ensorcelled Hibernation
  1386 | D:2      | Reached XP level 4. HP: 35/39 MP: 8/8
  1825 | D:2      | Reached skill level 5 in Stealth
  2298 | D:3      | Found an opulent altar of Gozag.
  2479 | D:3      | Reached XP level 5. HP: 35/45 MP: 9/9
  2522 | D:3      | Learned a level 3 spell: Tukima's Dance
  3155 | D:4      | Found a transporter.
  3156 | D:4      | Noticed mishael's ghost (amateur GrHu)
  3158 | D:4      | Identified the +7 dire flail of Juefokel {holy, *Noise
                  | rElec Str+7 Dex+2}
  3158 | D:4      | Noticed an ogre
  3160 | D:4      | Noticed an ogre
  3230 | D:4      | Reached skill level 1 in Armour
  3230 | D:4      | Reached skill level 1 in Ice Magic
  3295 | D:4      | Reached skill level 1 in Evocations
  3295 | D:4      | Reached XP level 6. HP: 55/55 MP: 6/10
  3579 | D:4      | Found a transporter.
  3722 | D:4      | Noticed Robin
  4500 | D:4      | Killed Robin
  4748 | D:4      | Noticed Ijyb
  4755 | D:4      | Killed Ijyb
  4867 | D:5      | Entered Level 5 of the Dungeon
  5051 | D:5      | Found a staircase to the Ecumenical Temple.
  5053 | D:5      | Noticed an ice beast
  5114 | D:5      | Killed an ice beast
  5114 | D:5      | Reached XP level 7. HP: 51/62 MP: 10/12
  5263 | Temple   | Entered the Ecumenical Temple
  5524 | Temple   | Became a worshipper of Sif Muna the Loreminder
  5573 | D:5      | Reached skill level 6 in Stealth
  5688 | D:5      | Identified the +9 hand axe "Conservator" {flame, rC+ rN+
                  | SInv}
  5700 | D:5      | Shot with an arrow by a centaur

Skill      XL: |  1  2  3  4  5  6  7 |
---------------+----------------------+-----
Fighting       | 1 2 3 |  3.0
Dodging        | 2 |  2.0
Stealth        | 5 6 |  6.0
Spellcasting   | 3 |  3.3
Armour         | 1 2 |  2.0
Ice Magic      | 1 |  1.7
Evocations     | 1 |  1.7
Short Blades   | 2 |  2.0
Shields        | |  0.7
Hexes          | |  3.0

Action                   |  1- 3 |  4- 6 |  7- 9 || total
-------------------------+-------+-------+-------++-------
Melee: Dagger            |    50 |   146 |     7 ||   203
Throw: Stone             |     2 |    67 |       ||    69
 Cast: Corona            |     8 |    39 |     3 ||    50
       Ensorcelled Hiber |     1 |    16 |     1 ||    18
       Tukima's Dance    |       |     4 |     1 ||     5
 Abil: Spit Poison       |     4 |     6 |       ||    10
  Use: Potion            |       |     4 |     2 ||     6
       Scroll            |       |     1 |       ||     1
 Stab: Sleeping          |     9 |    24 |       ||    33
  Eat: Chunk             |     1 |    11 |     1 ||    13
Armor: Robe              |     7 |    35 |       ||    42
       Animal skin       |       |     3 |     2 ||     5
Dodge: Dodged            |    19 |    94 |     5 ||   118
